 Dungeon Crawl Stone Soup version 0.20.1-1-g8b1a95d (webtiles) character file.

79 manon the Chopper (level 4, 0/35 HPs)
             Began as a Demonspawn Berserker on Sept 22, 2017.
             Was a Believer of Trog.
             Succumbed to an adder's poison
             ... on level 3 of the Dungeon.
             The game lasted 00:04:36 (1619 turns).

manon the Chopper (Demonspawn Berserker)            Turns: 1619, Time: 00:04:37

Health: 0/35       AC:  5    Str: 19    XL:     4   Next: 17%
Magic:  4/4        EV: 16    Int: 13    God:    Trog [**....]
Gold:   56         SH:  0    Dex: 17    Spells: 3/3 levels left

rFire    . . .     SeeInvis .   a - +0 hand axe
rCold    + . .     Gourm    .   (no shield)
rNeg     . . .     Faith    .   e - +0 ring mail
rPois    .         Spirit   .   (no helmet)
rElec    .         Reflect  .   (no cloak)
rCorr    .         Harm     .   (no gloves)
MR       .....                  (no boots)
Stlth    ++........             (no amulet)
Regen    0.2/turn               (no ring)
MPRegen  0.1/turn               (no ring)

@: brilliant, agile, lethally poisoned (0 -> -7), berserk cooldown, hasted and
slowed, drained
A: cold resistance 1
a: Berserk, Trog's Hand, Burn Spellbooks, Renounce Religion


You were on level 3 of the Dungeon.
You worshipped Trog.
Trog was pleased with you.
You were near starving.

You visited 1 branch of the dungeon, and saw 3 of its levels.

You collected 56 gold pieces.

Inventory:

Hand Weapons
 a - a +0 hand axe (weapon)
 b - a +0 hunting sling
Missiles
 i - 6 tomahawks of returning (quivered)
 r - 18 poisoned needles
 s - 20 sling bullets
Armour
 e - a +0 ring mail (worn)
 m - a +0 animal skin
 o - a +0 chain mail
Scrolls
 d - 2 scrolls of teleportation {unknown}
 f - a scroll of remove curse {unknown}
 h - 5 scrolls of identify {unknown}
 k - 2 scrolls of blinking {unknown}
 l - a scroll of magic mapping {unknown}
 p - a scroll of enchant weapon {unknown}
 q - a scroll of recharging {unknown}
 u - a scroll of immolation {unknown}
 v - a scroll of amnesia {unknown}
Potions
 g - a potion of haste
 j - a potion of brilliance
Comestibles
 c - a bread ration
 t - a meat ration
 w - a fruit


   Skills:
 - Level 3.0(2.6) Fighting
 * Level 4.2(3.9) Axes
 + Level 2.4(2.1) Armour
 - Level 1.7(1.4) Dodging


You had 3 spell levels left.
You didn't know any spells.

Dungeon Overview and Level Annotations

Branches:
Dungeon (3/15)

Altars:
Cheibriados


Innate Abilities, Weirdness & Mutations

Your flesh is cold resistant. (rC+)


Message History

You are too berserk!
* * * LOW HITPOINT WARNING * * *
You feel sick.
You feel a strong urge to attack something.
You are no longer berserk.
You are exhausted.
You feel yourself slow down.
* * * LOW HITPOINT WARNING * * *
You feel sick.
It was a potion of haste.
You feel yourself speed up.
* * * LOW HITPOINT WARNING * * *
You feel sick.
It was a potion of agility.
You feel agile all of a sudden.
* * * LOW HITPOINT WARNING * * *
You feel sick.
It was a potion of brilliance.
You feel clever all of a sudden.
You are near starving!
You die...

... ...# #.# .. ..#
.. .. ..###.# .##
###.##.(## ...
.......<##### #.#
#.#......... #.#
#...........
#@#####<..........
#...#...#.........
###...####........
##...###........
##......#.#####
####...##.#.#
#####.....###.#.####
..........##.......#
#########..>........#


There were no monsters in sight!

Vanquished Creatures
  A gnoll (D:1)
  An adder (D:3)
  An ooze (D:3)
  A worm (D:2)
  4 dart slugs
  4 leopard geckos
  A giant cockroach (D:1)
  2 goblins (D:2)
  3 hobgoblins
  4 jackals (D:2)
  A quokka (D:3)
  4 bats
  A frilled lizard (D:1)
  8 kobolds
  5 rats
41 creatures vanquished.

Notes
Turn   | Place    | Note
-------+----------+-------------------------------------------
     0 | D:1      | manon the Demonspawn Berserker began the quest for the Orb.
     0 | D:1      | Reached XP level 1. HP: 18/18 MP: 1/1
    35 | D:1      | Reached skill level 3 in Axes
    82 | D:1      | Gained mutation: Your flesh is cold resistant. (rC+) [demonic ancestry]
    82 | D:1      | Reached XP level 2. HP: 24/24 MP: 2/2
   420 | D:1      | Reached XP level 3. HP: 9/29 MP: 3/3
   862 | D:2      | Reached ** piety under Trog
  1106 | D:2      | Found a snail-covered altar of Cheibriados.
  1287 | D:2      | Reached skill level 4 in Axes
  1550 | D:3      | Reached XP level 4. HP: 25/35 MP: 4/4
  1618 | D:3      | HP: 1/35 [poisoned by an adder]
  1619 | D:3      | Succumbed to an adder's poison

Skill      XL: |  1  2  3 |
---------------+----------+-----
Axes           | 3 4 |  4.2
Armour         | 2 |  2.4
Fighting       | |  3.0
Dodging        | |  1.7

Action                   |  1- 3 |  4- 6 || total
-------------------------+-------+-------++-------
Melee: Hand axe          |   141 |    22 ||   163
Invok: Berserk           |       |     1 ||     1
  Use: Potion            |       |     3 ||     3
 Stab: Sleeping          |     2 |       ||     2
  Eat: Chunk             |     2 |       ||     2
Armor: Animal skin       |     3 |       ||     3
       Ring mail         |    58 |     7 ||    65
Dodge: Dodged            |    99 |    12 ||   111
